 Dungeon Crawl Stone Soup version 0.27-a0-334-g52645efa06 (webtiles) character file.

Game seed: 1497337154047196149

175443 KennyOmg the Executioner (level 17, -6/160 HPs)
             Began as a Minotaur Berserker on Feb 13, 2021.
             Was a High Priest of Trog.
             Killed from afar by a deep elf knight (23 damage)
             ... with a shard of ice
             ... on level 2 of the Elven Halls.
             The game lasted 00:51:08 (34874 turns).

KennyOmg the Executioner (Minotaur Berserker)      Turns: 34874, Time: 00:51:08

Health: -6/160     AC: 30    Str: 26    XL:     17   Next: 47%
Magic:  25/25      EV: 12    Int:  6    God:    Trog [*****.]
Gold:   3664       SH:  0    Dex:  7    Spells: 16/16 levels left

rFire    . . .     SeeInvis +   a - +9 executioner's axe (flame)
rCold    . . .     Faith    +   (shield currently unavailable)
rNeg     . . .     Spirit   .   T - +2 plate armour {rPois}
rPois    +         Reflect  .   V - +2 hat {SInv}
rElec    +         Harm     .   b - +1 cloak of a bazaar {Will++ rCorr}
rCorr    +         Rampage  .   E - +1 pair of gloves {Stlth+}
Will     ++++.                  B - +2 pair of boots
Stlth    ..........             C - amulet of faith {!P}
HPRegen  0.36/turn              Y - ring of willpower
MPRegen  0.19/turn              H - ring "Zecus" {rElec MP+9 EV+4 Dex-4}

@: lethally poisoned (-6 -> -6), berserk cooldown, slowed, very slow
A: retaliatory headbutt, horns 2
a: Renounce Religion, Berserk, Trog's Hand, Brothers in Arms


You were on level 2 of the Elven Halls.
You worshipped Trog.
Trog was extremely pleased with you.
You visited 5 branches of the dungeon, and saw 26 of its levels.
You visited the Abyss 1 time.
You also visited: Ossuary, Bailey and Gauntlet.

You collected 3744 gold pieces.
You spent 80 gold pieces at shops.

Inventory:

Hand Weapons
 a - a +9 executioner's axe of flaming (weapon)
   (Trog gifted it to you on level 15 of the Dungeon)
 f - a +3 antimagic battleaxe
   (Trog gifted it to you on level 2 of the Orcish Mines)
 G - the +3 war axe of Fundamental Breach {vamp, Dex+2}
   (You found it in a bailey)

   It inflicts no extra harm, but heals its wielder when it wounds a living foe.
   It affects your dexterity (+2).
 U - a +0 broad axe
   (You took it off an orc knight in a bailey)
Missiles
 h - 126 poisoned darts
 w - 21 boomerangs (quivered)
Armour
 b - the +1 cloak of a bazaar (worn) {Will++ rCorr}
   (You found it in a Gauntlet)

   It affects your willpower, your defense against some magical effects.
   It provides partial protection from all sources of acid and corrosion.
 B - a +2 pair of boots (worn)
   (You found it on level 5 of the Lair of Beasts)
 E - a +1 pair of gloves of stealth (worn)
   (You found it on level 9 of the Dungeon)
 T - a +2 plate armour of poison resistance (worn)
   (You took it off a vampire knight on level 15 of the Dungeon)
 V - a +2 hat of see invisible (worn)
   (You found it in a Gauntlet)
Jewellery
 i - a ring of protection from fire
   (You found it on level 6 of the Lair of Beasts)
 C - an amulet of faith (around neck) {!P}
   (You took it off a centaur warrior on level 15 of the Dungeon)
 H - the ring "Zecus" (right hand) {rElec MP+9 EV+4 Dex-4}
   (You found it on level 10 of the Dungeon)

   [ring of evasion]

   It affects your evasion (+4).
   It affects your dexterity (-4).
   It insulates you from electricity.
   It affects your magic capacity (+9).
 N - a +4 ring of protection
   (You found it on level 3 of the Dungeon)
 Y - a ring of willpower (left hand)
   (You found it on level 1 of the Swamp)
Wands
 d - a wand of iceblast (37)
   (You found it on level 3 of the Dungeon)
 e - a wand of charming (16)
   (You found it on level 12 of the Dungeon)
 t - a wand of flame (23)
   (You took it off Sonja on level 6 of the Lair of Beasts)
 u - a wand of paralysis (31)
   (You found it on level 12 of the Dungeon)
 v - a wand of digging (31)
   (You found it on level 12 of the Dungeon)
 x - a wand of acid (5)
   (You found it on level 11 of the Dungeon)
 F - a wand of mindburst (97)
   (You found it on level 9 of the Dungeon)
 J - a wand of polymorph (34)
   (You found it on level 11 of the Dungeon)
Scrolls
 m - a scroll of immolation {!r}
 p - 2 scrolls of blinking
 s - 12 scrolls of teleportation {@r4}
 y - 2 scrolls of enchant armour
 A - 6 scrolls of fear
 I - 5 scrolls of fog
 K - 6 scrolls of magic mapping
 M - 4 scrolls of summoning
 R - 9 scrolls of identify {@r1}
 W - a scroll of holy word {unknown}
Potions
 c - 3 potions of might
 g - 3 potions of lignification {!q}
 j - 3 potions of flight
 k - 10 potions of heal wounds {@q2}
 n - 12 potions of curing {@q1}
 o - 17 potions of ambrosia
 q - 4 potions of haste {@q3}
 z - 2 potions of cancellation
 D - a potion of attraction {!q}
 L - 5 potions of mutation {!q}
 O - 3 potions of berserk rage
 P - 2 potions of magic
 Q - 2 potions of resistance
Miscellaneous
 r - a lightning rod (4/4) {!a}
   (You found it on level 13 of the Dungeon)
 X - a phantom mirror
   (You found it in a Gauntlet)


   Skills:
 + Level 16.8 Fighting
 - Level 26.0 Axes
 + Level 16.7 Armour
 - Level 2.1 Dodging


You had 16 spell levels left.
You didn't know any spells.
Your spell library was empty.

Dungeon Overview and Level Annotations

Branches:
Dungeon (15/15)            Temple (0/1) D:4            Lair (6/6) D:9
  Swamp (1/4) Lair:2        Snake (0/4) Lair:3        Slime (0/5) Lair:6
    Orc (2/2) D:10            Elf (2/3) Orc:2        Depths (0/5) D:15
Ossuary (visited)          Bailey (visited)         Gauntlet (visited)
 Vaults: D:13-14

Altars:
Fedhas
Gozag
Makhleb
Okawaru
Ru
Sif Muna
Trog
Uskayaw
Yredelemnul
The Shining One
Beogh
Jiyva

Shops:
D:7 *   D:8 *   D:13 !   D:15 *   Orc:1 (   Orc:2 :[(*   Elf:1 :*   Elf:2 *

Portals:
Trove: D:11 (give +3 gold dragon scales)

Annotations:
D:3 3 runed translucent doors, MrTvister's ghost, amateur HOFi
D:13 exclusions: deep elf archer and vault guard
Lair:4 exclusion: 4 oklob plants


Innate Abilities, Weirdness & Mutations

You reflexively headbutt those who attack you in melee.
You have a pair of horns on your head.


Message History

The deep elf knight casts a spell at you.
The lance of force misses you.
The lance of force hits the deep elf pyromancer!!
The deep elf pyromancer is knocked back by the lance of force.
The deep elf pyromancer slams into the stone wall!
The deep elf zephyrmancer closely misses you.
You closely miss the deep elf zephyrmancer.
You miss the deep elf knight.
The deep elf knight completely misses you.
You furiously retaliate!
You headbutt the deep elf knight.
The deep elf pyromancer gestures wildly while chanting.
The deep elf pyromancer blinks!
The deep elf zephyrmancer barely misses you.
You closely miss the deep elf zephyrmancer.
You slash the deep elf knight! You burn the deep elf knight.
You feel sick.
The deep elf knight hits you with a +0 short sword.
* * * LOW HITPOINT WARNING * * *
The deep elf knight hits you but does no damage.
The deep elf zephyrmancer hits you but does no damage.
You barely miss the deep elf zephyrmancer.
You slash the deep elf knight! You burn the deep elf knight.
The deep elf knight hits you but does no damage.
The deep elf zephyrmancer gestures at you while chanting.
The bolt of lightning hits you. You resist.
* * * LOW HITPOINT WARNING * * *
The deep elf knight hits you but does no damage. x2
You closely miss the deep elf zephyrmancer.
Your headbutt misses the deep elf zephyrmancer.
You slash the deep elf knight! You burn the deep elf knight.
You slash the deep elf knight! You burn the deep elf knight.
You feel sick.
The deep elf knight gestures at you while chanting.
The shard of ice misses you.
The deep elf knight points at you and mumbles some strange words.
The lance of force hits you.
* * * LOW HITPOINT WARNING * * *
You are knocked back by the lance of force.
You slam into the stone wall!
* * * LOW HITPOINT WARNING * * *
The deep elf zephyrmancer casts a spell.
The deep elf zephyrmancer blinks!
Unknown command.
Your troll goes berserk!
You feel sick.
Your troll goes berserk!
The deep elf knight points at you and mumbles some strange words.
The shard of ice hits you!!
* * * LOW HITPOINT WARNING * * *
The deep elf knight casts a spell at you.
The shard of ice hits you!!
You die...

(...##......... .....
............... .... ......
.............................
.............................
.............#...............
#........e..# #..............
#......))..## ##.............
.......).e..###..............
.......)))e.@#...............
.......).....TTe.............
##...##...##...##.....###....
##. ##.####.####...## ##... #
### ### ##### ####


You could see 2 deep elf knights, a deep elf pyromancer (ally target), a deep
elf zephyrmancer and 2 friendly trolls.

Vanquished Creatures
  Rupert (Lair:4)
  Gastronok (D:8)
  Roxanne (Elf:2)
  A deep elf sorcerer (Elf:2)
  An orc warlord (Orc:2)
  A vampire knight (D:15)
  A deep elf demonologist (Elf:2)
  A bunyip (Swamp:1)
  A minotaur (Gauntlet)
  4 deep elf death magi
  A fire dragon (Lair:6)
  14 hydras
  5 boulder beetles
  Erolcha (D:11)
  A death knight (D:15)
  6 centaur warriors
  4 death yaks (Lair:4)
  2 two-headed ogres
  16 dancing weapons
  An orc high priest (Orc:2)
  Nergalle (Orc:2)
  18 deep elf knights
  A goliath frog (Swamp:1)
  A deep troll (shapeshifter) (Gauntlet)
  2 unseen horrors
  A flayed ghost (D:15)
  A swamp dragon (Lair:6)
  A spriggan druid (Swamp:1)
  A wizard (D:15)
  14 deep elf archers
  25 deep elf pyromancers
  28 deep elf zephyrmancers
  A necromancer (D:15)
  Pikel (D:5)
  6 orc knights
  2 manticores (D:15)
  An orc sorcerer (Elf:2)
  7 cyclopes
  4 oklob plants
  6 elephants
  7 black mambas
  4 gargoyles
  An ice statue (Gauntlet)
  A naga mage (D:15)
  2 centaur zombies
  A torpor snail (Lair:3)
  Psyche (D:8)
  17 cane toads
  14 komodo dragons
  9 rime drakes
  2 tengu conjurers (D:13)
  4 kobold demonologists
  7 yaktaurs
  A freezing wraith (D:15)
  A redback zombie (D:15)
  17 polar bears
  3 queen bees
  3 trolls
  Prince Ribbit (D:7)
  4 meliai
  A wolf spider simulacrum (Gauntlet)
  5 slime creatures (D:13)
  2 hornets (Swamp:1)
  4 blink frogs (Lair:2)
  6 raiju (Lair:6)
  16 dream sheep
  2 meliai zombies
  3 air elementals (Elf:2)
  52 yaks
  2 spriggans (Swamp:1)
  A spriggan (shapeshifter) (Elf:1)
  A wraith (D:15)
  8 wyverns
  A steam dragon (Lair:5)
  8 basilisks
  2 fire elementals (Elf:2)
  Grum (D:10)
  A human (shapeshifter) (D:14)
  4 vampire mosquitoes (Swamp:1)
  Edmund (D:4)
  2 swamp worms (Swamp:1)
  Menkaure (D:5)
  4 nagas (Lair:3)
  6 wargs
  3 acid dragons
  11 hell hounds (Lair:6)
  A soldier ant (shapeshifter) (Gauntlet)
  21 water moccasins
  32 orc warriors
  Duvessa (D:4)
  5 swamp drakes
  3 sky beasts
  2 eyes of draining
  A meliai simulacrum (Gauntlet)
  5 boggarts (D:14)
  3 ogres
  A necrophage (D:10)
  3 ice beasts
  13 black bears
  31 wolves
  12 centaurs
  3 lemures (D:5)
  2 phantoms (D:8)
  27 bullfrogs
  2 kobold brigands (D:8)
  2 earth elementals (Elf:1)
  7 scorpions
  Dowan (D:4)
  59 killer bees
  6 wights
  4 electric eels
  A howler monkey (D:6)
  2 bullfrog zombies
  A quasit (D:11)
  3 jellies
  17 orc priests
  A wyvern simulacrum (Gauntlet)
  3 bullfrog skeletons
  5 centaur skeletons
  5 hounds
  2 gnoll shamans (D:6)
  5 iguanas
  Natasha (thrice) (D:2)
  24 orc wizards
  A hell rat (Lair:4)
  8 worker ants
  A bullfrog simulacrum (Gauntlet)
  8 mummies (Ossuary)
  A worker ant zombie (D:5)
  16 gnolls
  A howler monkey skeleton (D:10)
  12 adders
  2 shadow imps
  5 white imps
  4 ufetubi
  An ooze (D:6)
  2 adder zombies
  3 adder skeletons
  A worm (D:4)
  4 dart slugs
  10 leopard geckos
  73 orcs
  A ball python (D:3)
  4 giant cockroaches
  25 goblins
  13 hobgoblins
  5 jackals
  9 kobolds
  4 quokkas
  3 bats (D:1)
  5 frilled lizards
  A gnoll zombie (Ossuary)
  3 hobgoblin zombies (Ossuary)
  A jackal zombie (D:6)
  A leopard gecko skeleton (D:8)
  4 orc zombies (Ossuary)
  5 rats
  A spectral orc (D:8)
991 creatures vanquished.

Vanquished Creatures (collateral kills)
  A hydra (D:13)
  Urug (Orc:2)
  Sonja (Lair:6)
  A deep elf knight (Elf:1)
  2 deep elf archers (Elf:1)
  4 deep elf pyromancers (Elf:1)
  3 deep elf zephyrmancers (Elf:1)
  A cyclops (D:10)
  An orc sorcerer (Orc:2)
  An efreet (D:13)
  A wyvern (Lair:4)
  A yak (Lair:6)
  3 basilisks (Lair:4)
  A water moccasin (Lair:6)
  An ice beast (D:10)
  3 orc warriors (Orc:2)
  An ogre (Orc:2)
  A wolf (D:10)
  8 killer bees (Lair:4)
  An orc priest (Orc:2)
  3 orc wizards
  4 orcs
44 creatures vanquished.

Vanquished Creatures (others)
  A hydra (Swamp:1)
  An alligator (Swamp:1)
  3 deep elf knights
  A deep elf pyromancer (Elf:2)
  A bloated husk (Swamp:1)
  A kobold brigand (D:8)
  62 fungi
  94 plants
  14 withered plants (Gauntlet)
178 creatures vanquished.

Grand Total: 1213 creatures vanquished

Notes
Turn   | Place    | Note
-------+----------+-------------------------------------------
     0 | D:1      | KennyOmg the Minotaur Berserker began the quest for the
                  | Orb.
     0 | D:1      | Reached XP level 1. HP: 19/19 MP: 0/0
    48 | D:1      | Reached skill level 4 in Axes
   183 | D:1      | Reached XP level 2. HP: 26/26 MP: 1/1
   618 | D:1      | Reached skill level 5 in Axes
   739 | D:1      | Reached XP level 3. HP: 29/31 MP: 2/2
   991 | D:2      | Noticed Natasha
  1003 | D:2      | Killed Natasha
  1004 | D:2      | Noticed Natasha
  1008 | D:2      | Killed Natasha
  1008 | D:2      | Reached ** piety under Trog
  1009 | D:2      | Reached skill level 6 in Axes
  1009 | D:2      | Reached XP level 4. HP: 19/39 MP: 3/3
  1214 | D:2      | Noticed Natasha
  1225 | D:2      | Killed Natasha
  1497 | D:2      | Reached XP level 5. HP: 45/45 MP: 4/4
  1697 | D:3      | Found a runed translucent gate.
  1697 | D:3      | Found a runed translucent gate.
  1697 | D:3      | Found a runed translucent gate.
  1831 | D:3      | Reached skill level 7 in Axes
  1985 | D:3      | Found a blossoming altar of Fedhas.
  2070 | D:3      | Found a bloodstained altar of Trog.
  2405 | D:3      | Noticed MrTvister's ghost (amateur HOFi)
  2684 | D:4      | Found a hide-covered altar of Uskayaw.
  2720 | D:4      | Noticed Dowan
  2721 | D:4      | Noticed Duvessa
  2741 | D:4      | Killed Dowan
  2744 | D:4      | Killed Duvessa
  2745 | D:4      | Reached skill level 8 in Axes
  2745 | D:4      | Reached XP level 6. HP: 46/51 MP: 5/5
  2929 | D:4      | Noticed Edmund
  2942 | D:4      | Killed Edmund
  2943 | D:4      | Reached skill level 9 in Axes
  3218 | D:4      | Found a staircase to the Ecumenical Temple.
  3503 | D:4      | Reached XP level 7. HP: 57/57 MP: 6/6
  3637 | D:5      | Entered Level 5 of the Dungeon
  3686 | D:5      | Noticed Pikel
  3696 | D:5      | Killed Pikel
  3697 | D:5      | Reached skill level 11 in Axes
  3699 | D:5      | Reached *** piety under Trog
  3722 | D:5      | Reached XP level 8. HP: 61/64 MP: 7/7
  4112 | D:5      | Noticed Menkaure
  4116 | D:5      | Killed Menkaure
  4117 | D:5      | Reached skill level 12 in Axes
  4532 | D:5      | Found a shimmering blue altar of Sif Muna.
  4878 | D:5      | Found a burning altar of Makhleb.
  5221 | D:6      | Found an iron altar of Okawaru.
  5230 | D:6      | Reached skill level 13 in Axes
  5515 | D:6      | Reached **** piety under Trog
  5596 | D:6      | Reached XP level 9. HP: 73/73 MP: 8/8
  5983 | D:7      | Noticed Prince Ribbit
  5999 | D:7      | Killed Prince Ribbit
  6000 | D:7      | Reached skill level 5 in Fighting
  6008 | D:7      | Found a glowing golden altar of the Shining One.
  6086 | D:7      | Found a sand-covered staircase.
  6097 | Ossuary  | Entered an ossuary
  6158 | Ossuary  | Reached skill level 14 in Axes
  6378 | D:7      | Found Guqis's Assorted Antiques.
  6804 | D:8      | Noticed Psyche
  6809 | D:8      | Killed Psyche
  6812 | D:8      | Noticed a kobold demonologist
  6817 | D:8      | Noticed a kobold demonologist
  6826 | D:8      | Noticed an orange demon
  6826 | D:8      | Killed a kobold demonologist
  6827 | D:8      | Reached skill level 15 in Axes
  6828 | D:8      | Killed a kobold demonologist
  6828 | D:8      | Reached ***** piety under Trog
  7080 | D:8      | Noticed Gastronok
  7092 | D:8      | Killed Gastronok
  7093 | D:8      | Reached skill level 16 in Axes
  7093 | D:8      | Reached XP level 10. HP: 83/83 MP: 9/9
  7163 | D:8      | Found Nivira's Lightly-Used Armoury.
  7168 | D:8      | Reached skill level 17 in Axes
  7178 | D:8      | Bought a -1 executioner's axe for 80 gold pieces
  7189 | D:8      | Found a basalt altar of Yredelemnul.
  7496 | D:9      | Received a gift from Trog
  7734 | D:9      | Found a staircase to the Lair.
  7831 | D:9      | Reached skill level 5 in Armour
  7840 | D:9      | Reached XP level 11. HP: 61/89 MP: 1/10
  8109 | D:9      | Reached skill level 18 in Axes
  8594 | D:10     | Entered Level 10 of the Dungeon
  8705 | D:10     | Got a flickering platinum ring
  8752 | D:10     | Noticed a two-headed ogre
  8753 | D:10     | Noticed Grum
  8757 | D:10     | Found a staircase to the Orcish Mines.
  8758 | D:10     | Killed a two-headed ogre
  8778 | D:10     | Killed Grum
  9062 | D:10     | Found a basalt altar of Yredelemnul.
  9430 | D:10     | Identified the ring "Zecus" {rElec MP+9 EV+4 Dex-4} (You
                  | found it on level 10 of the Dungeon)
  9534 | D:11     | Noticed Erolcha
  9538 | D:11     | Killed Erolcha
  9584 | D:11     | Reached skill level 19 in Axes
  9826 | D:11     | Found a portal to a secret trove of treasure.
  9832 | D:11     | Found a hide-covered altar of Uskayaw.
  9832 | D:11     | Noticed a deep elf pyromancer
  9835 | D:11     | Killed a deep elf pyromancer
 10267 | D:12     | Noticed an eight-headed hydra
 10942 | D:12     | Reached skill level 20 in Axes
 11572 | D:13     | Found Gessenk's Distillery.
 11628 | D:13     | Reached XP level 12. HP: 79/97 MP: 11/11
 11674 | D:13     | Noticed a six-headed hydra
 11686 | D:13     | Killed a six-headed hydra
 11803 | D:13     | Found a flagged portal.
 11813 | Bailey   | Entered a bailey
 12187 | Bailey   | Found an iron altar of Okawaru.
 12380 | Bailey   | Got an ichor-stained war axe
 12381 | Bailey   | Identified the +3 war axe of Fundamental Breach {vamp,
                  | Dex+2} (You found it in a bailey)
 12620 | Bailey   | Received a gift from Trog
 13110 | D:13     | Noticed a seven-headed hydra
 13116 | D:13     | Killed a seven-headed hydra
 13177 | D:13     | Noticed a five-headed hydra
 13185 | D:13     | Killed a five-headed hydra
 13299 | D:13     | Found a sacrificial altar of Ru.
 13364 | D:13     | Noticed a vault guard
 13395 | D:13     | HP: 5/101 [yaktaur/bolt (21)]
 14503 | D:13     | Noticed a centaur warrior
 14513 | D:13     | Reached skill level 21 in Axes
 14513 | D:13     | Killed a centaur warrior
 15077 | D:13     | Noticed a centaur warrior
 15086 | D:13     | Killed a centaur warrior
 15198 | D:13     | Noticed a vault guard
 15508 | D:14     | Reached XP level 13. HP: 110/111 MP: 12/12
 15510 | D:14     | Got a blackened buckler
 15517 | D:14     | Identified the +0 buckler "Saunoado" {rF+ rN+} (You found
                  | it on level 14 of the Dungeon)
 15829 | D:14     | Found an opulent altar of Gozag.
 16145 | D:15     | Entered Level 15 of the Dungeon
 16171 | D:15     | Acquired 441 gold pieces
 16660 | D:15     | Reached skill level 10 in Armour
 16662 | D:15     | Reached skill level 10 in Fighting
 16788 | D:15     | Found a staircase to the Depths.
 16794 | D:15     | Reached skill level 22 in Axes
 17446 | D:15     | Received a gift from Trog
 18234 | D:15     | Noticed a vampire knight
 18238 | D:15     | Killed a vampire knight
 18498 | D:15     | Reached XP level 14. HP: 74/124 MP: 13/13
 18780 | D:15     | Found Naun's Assorted Antiques.
 18924 | Orc:1    | Entered Level 1 of the Orcish Mines
 19233 | Orc:1    | Found Siploed's Antique Weapon Shoppe.
 19458 | Orc:2    | Entered Level 2 of the Orcish Mines
 19624 | Orc:2    | Found a gate leading to a gauntlet.
 19645 | Gauntlet | Entered a Gauntlet
 19645 | Gauntlet | Found a transporter.
 19645 | Gauntlet | Found a transporter.
 19645 | Gauntlet | Found a transporter.
 19665 | Gauntlet | Found a transporter.
 19667 | Gauntlet | Found a large runed translucent door.
 19668 | Gauntlet | Found a large runed translucent door.
 19669 | Gauntlet | Found a large runed translucent door.
 19669 | Gauntlet | Found a large runed translucent door.
 19669 | Gauntlet | Found a runed translucent door.
 19669 | Gauntlet | Found a runed translucent door.
 19670 | Gauntlet | Found a large runed translucent door.
 19671 | Gauntlet | Found a large runed translucent door.
 19672 | Gauntlet | Found a large runed translucent door.
 19672 | Gauntlet | Found a large runed translucent door.
 19673 | Gauntlet | Found a runed translucent gate.
 19673 | Gauntlet | Found a runed translucent gate.
 19673 | Gauntlet | Found a runed translucent gate.
 19675 | Gauntlet | Found a transporter.
 19684 | Gauntlet | Found a large runed translucent door.
 19684 | Gauntlet | Found a large runed translucent door.
 19685 | Gauntlet | Found a large runed translucent door.
 19686 | Gauntlet | Found a large runed translucent door.
 19696 | Gauntlet | Found a transporter.
 19697 | Gauntlet | Found a large runed translucent door.
 19697 | Gauntlet | Found a large runed translucent door.
 19698 | Gauntlet | Found a large runed translucent door.
 19699 | Gauntlet | Found a large runed translucent door.
 19707 | Gauntlet | Found a transporter.
 19715 | Gauntlet | Found a transporter.
 19721 | Gauntlet | Found a transporter.
 19771 | Gauntlet | Found a transporter.
 19794 | Gauntlet | Found a transporter.
 19809 | Gauntlet | Found a transporter.
 19888 | Gauntlet | Got a transparent lapis lazuli ring
 19907 | Gauntlet | Identified the ring "Zomuqeh" {Str+4 SInv} (You found it in
                  | a Gauntlet)
 20114 | Gauntlet | Received a gift from Trog
 20120 | Gauntlet | Got a steaming gossamer ring
 20136 | Gauntlet | Got a scorched triple sword {god gift}
 20137 | Gauntlet | Identified the +4 triple sword of the Pit {vorpal, rN+
                  | Int+2} (Trog gifted it to you in a Gauntlet)
 20141 | Gauntlet | Identified the ring "Tasaut" {rPois Int+2} (You found it in
                  | a Gauntlet)
 20183 | Gauntlet | Got a jewelled cloak
 20241 | Orc:2    | Identified the +1 cloak of a bazaar {Will++ rCorr} (You
                  | found it in a Gauntlet)
 20255 | Orc:2    | Found a roughly hewn altar of Beogh.
 20355 | Orc:2    | Found a staircase to the Elven Halls.
 20607 | Orc:2    | Noticed an orc warlord
 20608 | Orc:2    | Noticed Urug
 20609 | Orc:2    | Noticed Nergalle
 20616 | Orc:2    | Found a roughly hewn altar of Beogh.
 20622 | Orc:2    | Killed an orc warlord
 20623 | Orc:2    | Killed Urug
 20626 | Orc:2    | Killed Nergalle
 20631 | Orc:2    | Reached skill level 23 in Axes
 20639 | Orc:2    | Found Ojotuolu's Antique Weapon Shoppe.
 20939 | Orc:2    | Found Ysmuy's General Store.
 20968 | Orc:2    | Found Vuserph's Antique Armour Shoppe.
 20999 | Orc:2    | Reached ****** piety under Trog
 21004 | Orc:2    | Received a gift from Trog
 21243 | Orc:2    | Found Qishref's Book Shoppe.
 21404 | Lair:1   | Entered Level 1 of the Lair of Beasts
 22572 | Lair:2   | Received a gift from Trog
 22832 | Lair:2   | Got a masterwork quarterstaff
 23318 | Lair:2   | Identified the +6 quarterstaff "Uwined" {freeze, rN+
                  | Stlth+} (You found it on level 2 of the Lair of Beasts)
 23340 | Lair:2   | Received a gift from Trog
 23407 | Lair:2   | Reached XP level 15. HP: 128/134 MP: 14/14
 23430 | Lair:2   | Found a staircase to the Swamp.
 23538 | Lair:2   | You fall into a shaft and drop 2 floors!
 23920 | Lair:4   | Got a steaming ring mail
 23936 | Lair:4   | Identified the +3 ring mail "Ohus" {Rampage rPois Dex-2
                  | SInv} (You found it on level 4 of the Lair of Beasts)
 23978 | Lair:4   | Reached skill level 24 in Axes
 23997 | Lair:4   | Noticed Rupert
 24007 | Lair:4   | Killed Rupert
 24189 | Lair:4   | Received a gift from Trog
 25594 | Lair:3   | Found a staircase to the Snake Pit.
 26014 | Lair:2   | Got a jewelled great sword
 26040 | Lair:2   | Identified the +11 great sword "Killer Klown's Peril"
                  | {flame, +Inv rF+ rN+} (You found it on level 2 of the Lair
                  | of Beasts)
 26565 | Lair:2   | Received a gift from Trog
 27074 | Swamp:1  | Entered Level 1 of the Swamp
 27478 | Lair:5   | You fall into a shaft and drop 1 floor!
 27478 | Lair:6   | Entered Level 6 of the Lair of Beasts
 27481 | Lair:6   | Noticed Sonja
 28541 | Lair:6   | Cast into level 1 of the Abyss (Sonja)
 28570 | Lair:6   | Escaped the Abyss
 28580 | Lair:6   | Killed Sonja
 28784 | Lair:6   | Found a staircase to the Slime Pits.
 28785 | Lair:6   | Found a viscous altar of Jiyva.
 29271 | Lair:6   | Reached XP level 16. HP: 145/146 MP: 15/15
 29401 | Lair:6   | Reached skill level 25 in Axes
 29481 | Lair:6   | Received a gift from Trog
 30702 | Elf:1    | Entered Level 1 of the Elven Halls
 31137 | Elf:1    | Received a gift from Trog
 31460 | Elf:1    | Found Punor's General Store.
 31460 | Elf:1    | Found Vuicuer's Book Shop.
 31656 | Elf:1    | Reached skill level 15 in Fighting
 31656 | Elf:1    | Reached skill level 15 in Armour
 32250 | Elf:2    | Received a gift from Trog
 32765 | Elf:2    | Reached skill level 26 in Axes
 32790 | Elf:2    | Reached XP level 17. HP: 56/156 MP: 16/16
 33177 | Elf:2    | Received a gift from Trog
 33410 | Elf:2    | Found Focwiqi's General Store.
 33486 | Elf:2    | Found a runed translucent gate.
 33488 | Elf:2    | Found a runed translucent gate.
 33492 | Elf:2    | Found a runed translucent gate.
 33515 | Elf:2    | Noticed Roxanne
 33532 | Elf:2    | Killed Roxanne
 34874 | Elf:2    | Killed from afar by a deep elf knight

Illustrated notes

Levels and vault maps discovered:
D:1:      grunt_arrival_crossed_arrows, layout_loops_ring, due_unseen_surprise
D:2:      layout_rooms, uniq_natasha
D:3:      layout_loops_cross, lemuel_doored_altar, gammafunk_ghost_icy,
          minivault_24, fedhas_altar_2
D:4:      layout_loops_cross, overflow_temple_1_default,
          minmay_temple_entry_butterflies, uniq_edmund, uniq_duvessa
D:5:      layout_loops_corners, marbit_many_paths, makhleb_heckhound_becter,
          uniq_pikel, uniq_menkaure
D:6:      layout_loops_ring, kennysheep_okawaru_gauntlet, st_stairs_1
D:7:      layout_loops_ring, old_standard_altar, serial_shops, shop,
          enter_ossuary_1, hangedman_decor_slide_cut, chequers_mini_garden,
          uniq_prince_ribbit1
D:8:      layout_basic, yredelemnul_forgotten_temple_becter,
          serial_corexii_hall, chequers_hall_statues_corner_a,
          chequers_hall_statues_wall_a, minmay_shop_damaged, uniq_gastronok,
          uniq_psyche
D:9:      layout_irregular_city, due_lair_maze_entry_diamond,
          hangedman_decor_peaks_small
D:10:     layout_basic, erik_orc_4, yredelemnul_altar_generic, uniq_grum
D:11:     layout_basic, enter_trove_0, david_defended_altar_elf, uniq_erolcha
D:12:     layout_basic
D:13:     layout_roguey, grunt_vaults_entry_fortified, enter_bailey_3,
          serial_shops, kennysheep_mini, nicolae_ru_path_of_blood
D:14:     layout_roguey, corexii_corridor_pit, lemuel_statue_altar
D:15:     grunt_enter_depths_magical_seal, layout_stronghold, serial_shops,
          nicolae_shop_overgrown_old_shop, minmay_evil_grid
Lair:1:   layout_regular_city, minmay_lair_oklob_chamber
Lair:2:   nzn_winding_woodlands_large [nzn_winding_woodlands_hourglass,
          nzn_winding_woodlands_5x15_crooked,
          nzn_winding_woodlands_5x5_open_star,
          nzn_winding_woodlands_center_lodge,
          nzn_winding_woodlands_15x15_eel_pit,
          nzn_winding_woodlands_center_pierced_h,
          nzn_winding_woodlands_5x5_cross, nzn_winding_woodlands_5x15_twine,
          nzn_winding_woodlands_5x5_three], layout_hall_layers, swamp_mist,
          special_room [special_room_bee]
Lair:3:   layout_regular_city, minmay_snake_entry_guardpost_small
Lair:4:   hangedman_what_comes_after_a, layout_big_grid, uniq_rupert
Lair:5:   layout_gridlike, minivault_26
Lair:6:   guppyfry_lair_end_dragon, layout_regular_city,
          hangedman_lair_caniforms_friends, slime_altar_1, st_stairs_3,
          uniq_sonja
Swamp:1:  layout_falls_marsh, evilmike_swamp_ruin_wall, swamp_pool4,
          infiniplex_staircase_pool
Orc:1:    layout_caves, serial_shops, shop
Orc:2:    grunt_orc_cross, layout_caves, special_room, gauntlet_entry_generic,
          basic_altar
Elf:1:    minmay_elf_arrival_circle, layout_geoelf_octagon,
          minmay_elf_crystal_heptagon, minmay_shoptagon
Elf:2:    layout_geoelf_grid, minmay_shop_star, uniq_roxanne

Skill      XL: |  1  2  3  4  5  6  7  8  9 10 11 12 13 14 15 16 17 |
---------------+----------------------------------------------------+-----
Axes           | 4 5 6 8 9 11 13 16 17 20 21 22 23 24 26 | 26.0
Fighting       | 4 6 9 11 12 14 15 16 | 16.8
Armour         | 5 6 9 11 12 14 15 16 | 16.7
Dodging        | |  2.1

Action                   |  1- 3 |  4- 6 |  7- 9 | 10-12 | 13-15 | 16-18 || total
-------------------------+-------+-------+-------+-------+-------+-------++-------
Melee: Hand axe          |    69 |   128 |       |       |       |       ||   197
       Headbutt          |     5 |    25 |    41 |    70 |   125 |    76 ||   342
       War axe           |       |     4 |   107 |       |       |       ||   111
       Battleaxe         |       |       |   126 |     6 |       |       ||   132
       Executioner's axe |       |       |       |   431 |   945 |   469 ||  1845
       Whip              |       |       |       |    18 |       |       ||    18
Throw: Dart              |       |     5 |       |       |       |       ||     5
       Boomerang         |       |       |     6 |    30 |     4 |       ||    40
Invok: Berserk           |     1 |     2 |     4 |     1 |     5 |     1 ||    14
       Brothers in Arms  |       |       |       |     5 |     7 |     8 ||    20
       Trog's Hand       |       |       |       |       |     1 |       ||     1
Evoke: Wand              |       |       |       |     1 |       |       ||     1
  Use: Scroll            |       |    11 |     9 |     7 |    11 |     1 ||    39
       Potion            |       |       |       |       |     1 |       ||     1
 Stab: Distracted        |       |       |       |     1 |       |       ||     1
Armor: Animal skin       |    14 |     1 |       |       |       |       ||    15
       Plate armour      |       |    43 |   167 |   300 |   601 |   254 ||  1365
Dodge: Dodged            |    47 |    39 |    75 |   232 |   521 |   172 ||  1086
Block: Other             |       |    22 |    63 |   112 |    61 |       ||   258
       Reflection        |       |     2 |     1 |    12 |     5 |       ||    20

Table legend: (Time is in decaauts)
 A = Elapsed time spent in this place.
 B = Non-inter-level travel time spent in this place.
 C = Inter-level travel time spent in this place.
 D = Time resting spent in this place.
 E = Time spent auto-exploring this place.
 F = Levels seen in this place.
 G = Mean time per level.
                   A        B        C        D        E       F      G
               +--------+--------+--------+--------+--------+-----+--------+
         Total |  34772 |  33344 |   1428 |   6186 |  21729 |  30 | 1159.1 |
       Dungeon |  17666 |  17017 |    649 |   3390 |  10993 |  15 | 1177.7 |
          Lair |   8960 |   8320 |    640 |   1088 |   6004 |   6 | 1493.3 |
         Swamp |    124 |    123 |      1 |      0 |     66 |   1 |  124.0 |
  Orcish Mines |   1843 |   1714 |    129 |     90 |   1262 |   2 |  921.5 |
   Elven Halls |   4072 |   4063 |      9 |   1180 |   2324 |   2 | 2036.0 |
         Abyss |     28 |     28 |      0 |      0 |     17 |   1 |   28.0 |
       Ossuary |    201 |    201 |      0 |      0 |    105 |   1 |  201.0 |
        Bailey |   1289 |   1289 |      0 |    303 |    737 |   1 | 1289.0 |
      Gauntlet |    586 |    586 |      0 |    134 |    221 |   1 |  586.0 |
               +--------+--------+--------+--------+--------+-----+--------+

Top non-repeatable levels by time:
    D:15: 2682 daAuts
  Lair:2: 2640 daAuts
    D:13: 2597 daAuts
   Elf:2: 2378 daAuts
   Elf:1: 1694 daAuts
  Lair:6: 1599 daAuts
     D:9: 1541 daAuts
  Lair:4: 1538 daAuts
     D:5: 1428 daAuts
  Bailey: 1289 daAuts
   Orc:2: 1274 daAuts
  Lair:1: 1147 daAuts
  Lair:3: 1054 daAuts
     D:4: 1034 daAuts
    D:10: 1024 daAuts
